 Dungeon Crawl Stone Soup version 0.17-a0-701-gb6462b4 (webtiles) character file.

624044 namelastname112 the Skullcrusher (level 26, -4/250 HPs)
             Began as a Green Draconian Chaos Knight on Apr 18, 2015.
             Was the Champion of Qazlal.
             Slain by an ettin simulacrum (17 damage)
             ... on level 3 of the Abyss on Apr 19, 2015.
             The game lasted 04:36:22 (65927 turns).

namelastname112 the Skullcrusher (DrCK)            Turns: 65927, Time: 04:36:22

Health: -4/250     AC: 30    Str: 17    XL:     26   Next: 59%
Magic:  35/35      EV: 29    Int: 24    God:    Qazlal [******]
Gold:   4533       SH:  0    Dex: 12    Spells: 7 memorised, 27 levels left

rFire  + . .     SeeInvis +     a - +10 dark maul {crush}
rCold  . . .     Clarity  .     (armour unavailable)
rNeg   . . .     SustAb   .     (no shield)
rPois  +         Gourm    .     Q - +0 mask of the Dragon {MR+ Slay+3 SInv}
rElec  +         Spirit   .     v - +2 cloak of Tybiury {rElec Int+4 Dex-5}
rCorr  +         Warding  .     M - +2 pair of gloves of Action {+Fly rCorr Int+3}
rMut   +         Stasis   .     B - +2 pair of boots
MR     ++...                    P - amulet of Ontom {rMut rF+ Dex+3}
Stlth  +.........               q - +6 ring of evasion
                                d - +6 ring of protection

@: confused, about to teleport, protected from physical damage, recuperating,
diseased, slowed, repel missiles, very slow, very resistant to hostile
enchantments, very unstealthy
A: breathe noxious fumes, unfitting armour, claws 1, horns 1, stinger 2, clumsy
1, deterioration 1, low mp 1, poison resistance, regeneration 1, cold-blooded,
AC +12
a: Breathe Noxious Fumes, Upheaval, Elemental Force, Disaster Area, Renounce
Religion, Evoke Flight
}: 4/15 runes: serpentine, barnacled, silver, abyssal


You were on level 3 of the Abyss.
You worshipped Qazlal.
Qazlal was exalted by your worship.
You were not hungry.

You visited 8 branches of the dungeon, and saw 50 of its levels.
You visited the Abyss 4 times.
You also visited: Ice Cave.

You collected 7915 gold pieces.
You spent 3382 gold pieces at shops.

Inventory:

Hand weapons
 a - the +10 dark maul (weapon) {crush}
   (You acquired it on level 7 of the Dungeon)

   It inflicts extra damage upon your enemies.
 K - the +7 great mace of Xasm {holy, rElec rC+ MP+9}
   (You took it off an ogre mage on level 5 of the Vaults)

   It has been blessed by the Shining One to cause great damage to the undead
   and demons.
   It protects you from cold.
   It insulates you from electricity.
   It affects your magic capacity (+9).
Armour
 v - the +2 cloak of Tybiury (worn) {rElec Int+4 Dex-5}
   (You found it in an ice cave)

   It affects your intelligence (+4).
   It affects your dexterity (-5).
   It insulates you from electricity.
 B - a +2 pair of boots (worn)
 M - the +2 pair of gloves of Action (worn) {+Fly rCorr Int+3}
   (You acquired it on level 4 of the Depths)

   It affects your intelligence (+3).
   It lets you fly.
   It protects you from acid and corrosion.
 Q - the +0 mask of the Dragon (worn) {MR+ Slay+3 SInv}
   (You bought it in a shop on level 4 of the Snake Pit)

   It affects your accuracy and damage with ranged weapons and melee attacks
   (+3).
   It affects your resistance to hostile enchantments.
   It enhances your eyesight.
Rods
 s - a +6 rod of clouds (13/13)
   (You took it off a deep elf demonologist on level 3 of the Elven Halls)
Jewellery
 d - a +6 ring of protection (left hand)
 q - a +6 ring of evasion (right hand)
 w - the ring "Nos Ojio" {SustAb rF+++ Str-2 Int+3 Slay-5}
   (You took it off a deep elf knight on level 3 of the Elven Halls)

   [ring of sustain abilities]

   It sustains your strength, intelligence and dexterity.
   It affects your strength (-2).
   It affects your intelligence (+3).
   It affects your accuracy and damage with ranged weapons and melee attacks
   (-5).
   It renders you almost immune to fire.
 C - the ring of Qacues {Ice Str+8 Dex-5 Slay+3}
   (You took it off a deep elf blademaster on level 3 of the Elven Halls)

   [ring of ice]

   It enhances your ice magic, and weakens your fire magic.
   It affects your strength (+8).
   It affects your dexterity (-5).
   It affects your accuracy and damage with ranged weapons and melee attacks
   (+3).
   It makes you vulnerable to fire.
   It protects you from cold.
 L - the amulet of Cekugob {Ward -Tele rElec rPois rN++ AC+1 EV+1}
   (You took it off a balrug on level 5 of the Depths)

   [amulet of warding]

   It may prevent the melee attacks of summoned creatures.
   It affects your AC (+1).
   It affects your evasion (+1).
   It insulates you from electricity.
   It protects you from poison.
   It greatly protects you from negative energy.
   It prevents most forms of teleportation.
 N - the amulet of the Four Winds {Clar rN+ MR+++}
   (You took it off a yaktaur captain on level 5 of the Vaults)

   [amulet of clarity]

   It provides mental clarity.
   It protects you from negative energy.
   It affects your resistance to hostile enchantments.
 P - the amulet of Ontom (around neck) {rMut rF+ Dex+3}
   (You found it on level 5 of the Shoals)

   [amulet of resist mutation]

   It protects you from mutation.
   It affects your dexterity (+3).
   It protects you from fire.
 Z - the amulet of Vitality {Regen+ HP+15}
   (You bought it in a shop on level 5 of the Depths)

   [amulet of regeneration]

   It affects your health (+15).
   It increases your rate of regeneration.
Magical devices
 j - a wand of draining (8)
 n - a wand of teleportation (4)
 p - a wand of cold (3)
 x - a wand of hasting (3)
 E - a wand of fire (8)
 F - a wand of draining (5)
 G - a wand of digging (12)
 T - a wand of fire (9)
 V - a wand of fire (3)
 X - a wand of teleportation (0)
 Y - a wand of teleportation (1)
Scrolls
 e - 25 scrolls of remove curse
 f - 12 scrolls of fear
 g - 7 scrolls of magic mapping
 h - 3 scrolls of recharging
 k - 26 scrolls of identify
 y - 2 scrolls of silence
 D - 2 scrolls of amnesia
 R - 14 scrolls of fog
Potions
 b - 3 potions of might
 l - 3 potions of resistance
 m - 29 potions of curing
 o - a potion of flight
 t - 6 potions of magic
 z - 2 potions of berserk rage
 H - 5 potions of agility
 I - a potion of cure mutation
 J - 3 potions of cancellation
 U - 6 potions of restore abilities
 W - 3 potions of brilliance
Miscellaneous
 S - 2 phantom mirrors
Comestibles
 c - 21 bread rations
 i - 50 fruits


   Skills:
 + Level 23.1 Fighting
 O Level 27 Maces & Flails
 + Level 20.1 Dodging
 - Level 12.0 Spellcasting
 - Level 14.2 Charms
 - Level 10.2 Ice Magic
 - Level 12.0 Invocations


You had 27 spell levels left.
You knew the following spells:

 Your Spells              Type           Power        Failure   Level  Hunger
a - Regeneration          Chrm/Necr      #####.....   1%          3    None
b - Spectral Weapon       Hex/Chrm       #####...     1%          3    None
c - Haste                 Chrm           ######..     1%          6    #####..
d - Apportation           Tloc           ##........   4%          1    None
e - Ozocubu's Armour      Chrm/Ice       ######..     1%          3    None
f - Blink                 Tloc           N/A          8%          2    None
g - Condensation Shield   Ice            ######....   1%          4    None


Dungeon Overview and Level Annotations

Branches:
Dungeon (15/15)            Temple (0/1) D:5            Lair (8/8) D:8
 Shoals (5/5) Lair:6        Snake (5/5) Lair:3        Slime (0/6) Lair:8
    Orc (4/4) D:9             Elf (3/3) Orc:4        Vaults (5/5) D:14
  Crypt (0/3) Vaults:2     Depths (5/5) D:15            Zot (0/5) Depths:5

Altars:
Ashenzari
Cheibriados
Fedhas
Gozag
Kikubaaqudgha
Nemelex Xobeh
Okawaru
Qazlal
Ru
Sif Muna
Trog
Vehumet
Xom
Yredelemnul
Zin
The Shining One
Beogh
Jiyva

Shops:
D:5 *[   D:8 =   D:9 %:   D:11 ?   Orc:2 *?*[   Orc:4 *!*}   Elf:2 %
Shoals:4 !   Shoals:5 !   Snake:4 [   Depths:5 ?=?**

Portals:
Hell: Depths:1 Depths:2 Depths:3 Depths:4 Depths:5
Abyss: Depths:4
Pandemonium: Depths:1 Depths:2 Depths:3 Depths:4
Ziggurat: Depths:3

Annotations:
Lair:3 exclusion: oklob plant
Lair:8 1 runed door
Elf:2 4 runed doors


Innate Abilities, Weirdness & Mutations

You can breathe blasts of noxious fumes.
Your lurid green scales are hard (AC +12).
Your body does not fit into most forms of armour.
Your tail ends in a sharp poisonous barb.
Your system is resistant to poisons.
You are cold-blooded and may be slowed by cold attacks.
You have sharp fingernails.
You have a pair of small horns on your head.
You are clumsy. (Dex -2)
Your body is slowly deteriorating.
Your magical capacity is low (-10% MP).
Your natural rate of healing is unusually fast.


Message History

You feel yourself speed up. The hornet stings you!
* * * LOW HITPOINT WARNING * * *
You feel yourself slow down.
The starcursed mass engulfs you but does no damage.
The starcursed mass is engulfed in freezing vapours.
The starcursed mass shudders and is absorbed by its neighbour.
The bone dragon completely misses you.
The bone dragon claws you but does no damage.
The bone dragon tramples you but does no damage.
A starcursed mass splits.
The small abomination is engulfed in roaring flames.
The small abomination completely misses you.
The hornet completely misses you.
A cacophony of accursed wailing tears at your sanity!
* * * LOW HITPOINT WARNING * * *
You shrug off the repeated paralysis!
The ettin simulacrum closely misses you.
The ettin simulacrum hits you!
You die...

..X#. ..X.
XX.#### *..#.
### .X.# .§
##XX# ## . #. .
##X*X# #
#..##ZDX##
..§#@x## #)
#...5XX#yXX..#
. .# #
#....#X#G.X#...
# #
..#######X## .
# .. . # .#
.... # 3. ....
... # . . ..
### # . #


You could see a bone dragon, 11 starcursed masses, a shining eye, 2 thrashing
horrors, a hornet, a smoke demon, a small abomination, a shadow imp, an ettin
simulacrum and a lurking horror.

Vanquished Creatures
  Boris (Depths:4)
  Frederick (Vaults:2)
  Margery (Depths:3)
  Norris (Snake:3)
  Vashnia (Snake:3)
  5 golden dragons
  the Enchantress (Depths:4)
  5 bone dragons
  2 liches (Depths:2)
  Rupert (Lair:8)
  8 tentacled monstrosities
  An Ice Fiend (IceCv)
  2 deep elf blademasters (Elf:3)
  5 titans
  2 deep elf master archers (Elf:3)
  An Executioner (Abyss:1)
  A kraken (Shoals:5)
  2 octopode crushers
  8 tengu reavers
  22 tentacled starspawn
  2 spectral weapons
  5 sphinxes
  4 storm dragons
  Roxanne (Snake:3)
  9 shadow dragons
  A daeva (Abyss:1)
  Ilsuiw (Shoals:5)
  Wiglaf (Snake:5)
  10 fire giants
  4 greater nagas (Snake:5)
  A draconian knight (Depths:5)
  Donald (Snake:4)
  26 vault wardens
  Maud (Orc:4)
  8 deep elf sorcerers
  18 frost giants
  Aizul (Snake:5)
  A draconian shifter (Depths:5)
  2 angels (Abyss:3)
  2 balrugs
  15 ironheart preservers
  4 spriggan defenders (Depths:4)
  2 cacodemons (Abyss:1)
  20 stone giants
  A draconian annihilator (Depths:5)
  A reaper (Abyss:1)
  2 ophanim (Abyss:3)
  A war gargoyle (Vaults:5)
  Nessos (Lair:6)
  A green draconian (Abyss:1)
  10 very ugly things
  8 deep elf demonologists
  A lorocyproca (Abyss:1)
  3 yellow draconians (Depths:5)
  3 black draconians (Depths:5)
  2 vampire knights
  13 ettins
  2 mottled draconians (Depths:5)
  2 red draconians (Depths:5)
  A green death (Abyss:1)
  3 white draconians (Depths:5)
  4 purple draconians
  14 deep elf annihilators
  An eidolon (Abyss:1)
  9 merfolk javelineers
  Snorg (D:12)
  9 ogre magi
  12 merfolk impalers
  35 vault guards
  6 jiangshi
  A blizzard demon (Abyss:1)
  10 deep elf death magi
  A spectral golden dragon (Depths:1)
  9 entropy weavers
  Josephine (Snake:1)
  19 fire dragons
  5 deep elf high priests
  21 yaktaur captains
  14 ice dragons
  14 naga warriors
  Harold (D:10)
  16 hydras
  12 rakshasas
  9 great orbs of eyes
  A quicksilver dragon skeleton (Abyss:1)
  3 spriggan air magi
  A hell beast (Depths:4)
  5 anacondas
  4 satyrs
  4 dancing weapons (Elf:2)
  3 merfolk avatars
  An alligator (shapeshifter) (Depths:1)
  8 centaur warriors
  7 tengu warriors
  3 alligator snapping turtles
  6 deep troll shamans
  7 salamander stormcallers
  2 merfolk aquamancers (Shoals:5)
  12 deep troll earth magi
  7 death yaks
  5 vampire magi
  5 orc high priests
  19 naga sharpshooters
  3 soul eaters
  A death yak (shapeshifter) (D:14)
  6 shock serpents
  5 hell knights
  A titan zombie (Abyss:1)
  Urug (Orc:2)
  5 sun demons
  4 spriggan berserkers
  2 hell hogs
  17 thrashing horrors
  15 deep elf knights
  2 shadow wraiths
  12 wretched stars
  3 salamander mystics
  5 wizards
  A fire crab (shapeshifter) (Vaults:1)
  A fire crab (Vaults:1)
  10 skeletal warriors
  10 ice devils
  2 spatial maelstroms
  A sea snake (shapeshifter) (Vaults:4)
  2 cherubim (Abyss:3)
  15 giant orange brains
  19 sea snakes
  9 ironbrand convokers
  A swamp dragon (shapeshifter) (Elf:1)
  13 deep elf summoners
  7 naga ritualists
  4 unseen horrors
  5 ice statues
  36 deep trolls
  Pikel (D:6)
  5 necromancers
  8 hill giants
  19 orc knights
  22 harpies
  A shadow demon (Abyss:1)
  6 phantasmal warriors
  14 mana vipers
  A lindwurm (Lair:8)
  An iron dragon zombie (Abyss:1)
  5 flayed ghosts
  A shadow dragon skeleton (Abyss:1)
  15 deep elf conjurers
  A harpy (shapeshifter) (Depths:4)
  A sphinx zombie (Vaults:1)
  A moth of wrath (shapeshifter) (Vaults:5)
  A shining eye (Abyss:1)
  8 wolf spiders
  11 salamanders
  22 griffons
  A hornet (shapeshifter) (Vaults:5)
  9 orc sorcerers
  10 fauns
  2 stone giant zombies
  8 cyclopes
  41 ugly things
  A guardian serpent (shapeshifter) (Depths:4)
  2 sixfirhies (Abyss:1)
  A draconian (shapeshifter) (Vaults:5)
  12 water nymphs
  18 manticores
  7 worldbinders
  6 elephants (Lair:8)
  An iron dragon skeleton (Abyss:3)
  2 octopodes (shapeshifter)
  8 orange demons
  4 hornets
  2 apocalypse crabs
  15 vault sentinels
  2 centaur zombies
  13 sirens
  5 guardian serpents
  A gargoyle (D:14)
  6 rust devils
  A torpor snail (Lair:8)
  19 naga magi
  18 smoke demons
  Psyche (D:12)
  A hellion (Abyss:1)
  25 black mambas
  9 spiny frogs
  3 yaktaur zombies (Vaults:2)
  An elf (shapeshifter) (Depths:2)
  A spiny frog (shapeshifter) (Elf:1)
  2 kobold demonologists
  70 yaktaurs
  8 komodo dragons
  6 demonic crawlers
  A fire drake (shapeshifter) (Depths:3)
  2 red devils (Elf:3)
  9 deep elf priests
  7 two-headed ogres
  2 tormentors (Abyss:1)
  2 fire drakes (Lair:8)
  3 efreet
  6 trolls
  13 ancient zymes
  6 tengu conjurers
  11 blue devils
  An anaconda simulacrum (IceCv)
  An entropy weaver zombie (Depths:4)
  7 freezing wraiths
  A two-headed ogre (shapeshifter) (Elf:1)
  2 trolls (shapeshifter)
  2 hellwings (Abyss:1)
  29 merfolk
  A queen bee (shapeshifter) (D:14)
  Grinder (D:5)
  13 blink frogs
  5 wind drakes
  33 slime creatures
  3 deep troll zombies
  The ghost of oplop the Ducker, an average MfIE (D:4)
  3 jumping spiders
  4 boulder beetles
  2 spriggans (shapeshifter)
  A fire dragon zombie (Depths:4)
  18 raiju
  8 snapping turtles
  4 flying skulls (Abyss:1)
  36 deep elf magi
  13 ravens
  14 ynoxinuls
  6 spriggans
  Sigmund (D:6)
  2 tarantellas (Vaults:4)
  13 water elementals
  15 redbacks
  26 deep elf fighters
  A wyvern (shapeshifter) (Vaults:5)
  3 humans
  A yak (shapeshifter) (Depths:4)
  An iron dragon simulacrum (Abyss:3)
  A dire elephant simulacrum (IceCv)
  6 golden eyes (Abyss:1)
  A yaktaur simulacrum (Vaults:2)
  8 basilisks
  3 fire bats
  12 wraiths
  2 vampires
  48 yaks
  A basilisk (shapeshifter) (Depths:2)
  A human (shapeshifter) (Elf:2)
  4 shadows
  Grum (D:10)
  5 hungry ghosts
  16 wolves
  13 hippogriffs
  19 vampire mosquitoes
  9 chaos spawn
  4 human simulacra
  10 neqoxecs
  50 small abominations
  Menkaure (D:7)
  13 insubstantial wisps
  A mottled dragon (shapeshifter) (Depths:5)
  2 iron troll simulacra (IceCv)
  10 wargs
  A harpy simulacrum (IceCv)
  4 human zombies
  2 spatial vortices (Abyss:1)
  5 mottled dragons
  7 hell hounds (Abyss:1)
  3 hydra simulacra (IceCv)
  A swamp drake (shapeshifter) (Depths:5)
  4 ice beasts
  65 nagas
  Duvessa (D:7)
  41 orc warriors
  A fire dragon simulacrum (Abyss:1)
  3 black bears
  2 ettin simulacra (IceCv)
  7 spiders (Snake:4)
  5 wasps
  7 sky beasts
  38 ogres
  20 water moccasins
  2 elf zombies
  3 phantoms
  A hornet simulacrum (D:15)
  5 porcupines
  7 necrophages (Lair:4)
  A black bear (shapeshifter) (D:13)
  20 boggarts
  2 boring beetles
  3 snapping turtle skeletons
  2 boring beetles (shapeshifter)
  16 centaurs
  23 crocodiles
  37 large abominations
  3 eyes of draining (D:11)
  4 big kobolds
  22 giant frogs
  An earth elemental (Abyss:1)
  A wyvern skeleton (D:7)
  A troll zombie (Abyss:3)
  Dowan (D:7)
  2 scorpions
  A warg zombie (D:8)
  6 killer bees
  5 electric eels
  A goliath beetle (D:6)
  16 wights
  53 starcursed masses
  A jelly (shapeshifter) (Depths:2)
  12 crimson imps
  A giant frog zombie (D:11)
  4 hell rats
  40 orc priests
  11 hounds
  9 jellies
  42 orc wizards
  8 quasits
  5 centaur skeletons
  A giant frog skeleton (D:10)
  6 iron imps
  9 iguanas
  11 worker ants
  34 sheep
  A sheep (shapeshifter) (Vaults:5)
  A tengu zombie (Abyss:1)
  A hound zombie (D:10)
  2 elf simulacra
  3 gnolls (D:2)
  17 river rats
  13 adders
  5 shadow imps
  6 white imps
  20 ufetubi
  An ooze (D:4)
  6 orc zombies
  2 worms
  4 giant geckos
  204 orcs
  A ball python (D:2)
  A bat skeleton (D:6)
  8 giant cockroaches
  27 goblins
  18 hobgoblins
  11 jackals
  6 quokkas
  15 bats
  9 giant newts
  A jackal skeleton (D:8)
  34 kobolds
  2 lurking horrors (Abyss:1)
  20 rats
  A ballistomycete (Abyss:1)
  A bush (Shoals:1)
  2 crawling corpses (Elf:3)
  10 fungi
  22 plants
  16 starspawn tentacles (Abyss:1)
  A starspawn tentacle segment (Abyss:1)
  3 tentacles (Shoals:5)
  3 tentacle segments (Shoals:5)
3020 creatures vanquished.

Vanquished Creatures (collateral kills)
  A manticore (Shoals:5)
  A water moccasin (D:6)
  An ice beast (D:10)
  2 orc wizards
  An orc priest (D:9)
  An orc (D:9)
7 creatures vanquished.

Vanquished Creatures (others)
  A tentacled monstrosity (Vaults:4)
  A spectral weapon (Depths:1)
  A fire giant (Depths:4)
  An ironheart preserver (Vaults:3)
  A vampire knight (Depths:5)
  A yaktaur captain (Depths:4)
  A ball lightning (Shoals:4)
  A wolf spider zombie (Vaults:2)
  A deep troll (Vaults:5)
  An orc knight (Vaults:5)
  A salamander (Snake:5)
  A faun (Shoals:3)
  8 drowned souls
  A deep elf priest (Elf:2)
  A fire vortex (Vaults:5)
  A deep elf mage (Elf:2)
  2 raiju (Abyss:3)
  A ynoxinul (Abyss:3)
  2 water elementals
  A tarantella (Depths:1)
  A deep elf fighter (Vaults:1)
  An orc warrior (Vaults:5)
  A boggart (Depths:1)
  3 ogres (Vaults:5)
  A small abomination (Abyss:3)
  2 ice beasts (Shoals:5)
  4 lost souls
  A crimson imp (D:8)
  4 starcursed masses (Abyss:1)
  3 quasits
  2 iron imps
  2 hell rats
  A centaur skeleton (D:6)
  2 sheep
  2 shadow imps
  2 white imps
  3 ufetubi
  4 orcs
  A goblin (D:6)
  A giant spore (Abyss:1)
  A kobold (D:10)
  A lurking horror (Abyss:1)
  2 butterflies (D:13)
  A crawling corpse (Elf:3)
  6 fungi
  A plant (Lair:8)
  51 starspawn tentacles
  461 starspawn tentacle segments
  9 tentacles (Shoals:5)
  378 tentacle segments (Shoals:5)
981 creatures vanquished.

Grand Total: 4008 creatures vanquished

Notes
Turn   | Place    | Note
--------------------------------------------------------------
     0 | D:1      | namelastname112, the Draconian Chaos Knight, began the quest for the Orb.
     0 | D:1      | Reached XP level 1. HP: 19/19 MP: 1/1
    72 | D:1      | XOM: harmless Summ miscast
   177 | D:1      | Reached XP level 2. HP: 16/26 MP: 2/2
   243 | D:1      | XOM: give mutations
   243 | D:1      | Gained mutation: You expend magic power (3 MP) to strengthen your wands. [Xom's mischief]
   243 | D:1      | Gained mutation: You are frail (-10% HP). [Xom's mischief]
   243 | D:1      | Gained mutation: You are weak. (Str -2) [Xom's mischief]
   243 | D:1      | Lost mutation: You expend magic power (3 MP) to strengthen your wands. [Xom's mischief]
   402 | D:1      | XOM: harmless Trmt miscast
   503 | D:1      | XOM: 3-stop teleportation journey
   811 | D:2      | Reached XP level 3. HP: 27/27 MP: 3/3
   972 | D:2      | XOM: silly message
   997 | D:2      | Reached skill level 4 in Maces & Flails
   997 | D:2      | Reached XP level 4. HP: 19/36 MP: 4/4
  1366 | D:2      | XOM: mild Hex miscast
  1504 | D:2      | Found a stormy altar of Qazlal.
  1509 | D:2      | Found a radiant altar of Vehumet.
  1530 | D:2      | XOM: colour smoke trail
  2087 | D:3      | Reached XP level 5. HP: 20/41 MP: 5/5
  2229 | D:3      | XOM: mild Pois miscast
  2480 | D:3      | XOM: harmless Ice miscast
  2602 | D:3      | XOM: harmless Erth miscast
  3021 | D:4      | Reached skill level 5 in Maces & Flails
  3082 | D:4      | XOM: enchant monster (good)
  3103 | D:4      | Reached XP level 6. HP: 36/47 MP: 6/6
  3193 | D:4      | Found a shimmering altar of Xom.
  3249 | D:4      | XOM: noise
  3364 | D:4      | Found a blossoming altar of Fedhas.
  3420 | D:4      | XOM: silly message
  3467 | D:4      | Noticed oplop's ghost (average MfIE)
  3467 | D:4      | XOM: harmless Conj miscast
  3468 | D:4      | XOM: summons friendly iron imp
  3470 | D:4      | XOM: blink monster(s)
  3476 | D:4      | XOM: cast spell 'Dispersal'
  3495 | D:4      | Killed oplop's ghost
  3540 | D:4      | XOM: give mutations
  3540 | D:4      | Gained mutation: Your spells are a little harder to cast, but a little more powerful. [Xom's grace]
  3540 | D:4      | Gained mutation: You are resistant to electric shocks. [Xom's grace]
  3550 | D:4      | XOM: draining
  3629 | D:4      | Reached skill level 6 in Maces & Flails
  3755 | D:4      | Reached skill level 5 in Fighting
  3760 | D:4      | Your scales start taking on a lurid green colour.
  3760 | D:4      | Gained mutation: Your system is resistant to poisons. [Green Draconian growth]
  3760 | D:4      | Reached XP level 7. HP: 47/54 MP: 7/7
  3834 | D:4      | XOM: 3-stop teleportation journey
  3993 | D:4      | XOM: noise
  4001 | D:4      | XOM: noise
  4068 | D:4      | XOM: colour smoke trail
  4146 | D:5      | Entered Level 5 of the Dungeon
  4257 | D:5      | Found Cibiuw's Assorted Antiques.
  4296 | D:5      | Noticed Grinder
  4307 | D:5      | Killed Grinder
  4324 | D:5      | XOM: potion effect (curing)
  4339 | D:5      | Reached skill level 7 in Maces & Flails
  4571 | D:5      | Reached XP level 8. HP: 46/63 MP: 8/8
  4690 | D:5      | Gained mutation: You have supernaturally acute eyesight. [mutagenic meat]
  4693 | D:5      | Lost mutation: You are weak. (Str -2) [mutagenic meat]
  4800 | D:5      | Found a staircase to the Ecumenical Temple.
  4884 | D:5      | XOM: silly message
  4989 | D:5      | Found Lasuuryv's Antique Armour Emporium.
  4992 | D:5      | Bought a pair of glowing boots for 94 gold pieces
  5041 | D:5      | XOM: divination: detect creatures
  5048 | D:5      | XOM: harmless Summ miscast
  5056 | D:5      | Reached skill level 5 in Dodging
  5390 | D:5      | XOM: summons 4 hostile demons
  5533 | D:5      | XOM: divination: detect creatures
  5585 | D:5      | XOM: enchant monster (good)
  5607 | D:5      | Reached skill level 8 in Maces & Flails
  5674 | D:5      | XOM: colour smoke trail
  5711 | D:5      | Found a bloodstained altar of Trog.
  5945 | D:6      | XOM: harmless Erth miscast
  5952 | D:6      | Found a glowing golden altar of the Shining One.
  5959 | D:6      | Noticed Pikel
  5966 | D:6      | Noticed Sigmund
  5969 | D:6      | XOM: potion effect (haste)
  6003 | D:6      | XOM: summons friendly ufetubus
  6005 | D:6      | Killed Pikel
  6023 | D:6      | Killed Sigmund
  6023 | D:6      | Reached skill level 9 in Maces & Flails
  6023 | D:6      | Reached XP level 9. HP: 67/71 MP: 9/9
  6083 | D:6      | XOM: summons 2 hostile shadow creatures
  6206 | D:6      | XOM: enchant monster (good)
  6214 | D:6      | XOM: cast spell 'Dispersal'
  6333 | D:6      | Found a snail-covered altar of Cheibriados.
  6455 | D:6      | Found an opulent altar of Gozag.
  6460 | D:6      | XOM: silly message
  6653 | D:6      | XOM: vitrification
  6671 | D:6      | XOM: mild Hex miscast
  6726 | D:7      | XOM: enchant monster (bad)
  6782 | D:7      | Found a shattered altar of Ashenzari.
  6901 | D:7      | Noticed Dowan
  6902 | D:7      | Noticed Duvessa
  6913 | D:7      | Killed Dowan
  6913 | D:7      | Reached skill level 10 in Maces & Flails
  6914 | D:7      | Killed Duvessa
  6937 | D:7      | Noticed Menkaure
  6941 | D:7      | Killed Menkaure
  7062 | D:7      | XOM: medium Pois miscast
  7160 | D:7      | XOM: vitrification
  7253 | D:7      | XOM: fog
  7377 | D:7      | Gained mutation: Your natural rate of healing is unusually fast. [potion of beneficial mutation]
  7408 | D:7      | Identified a scroll of acquirement
  7438 | D:8      | XOM: summons 6 friendly demons
  7471 | D:8      | XOM: 2-stop teleportation journey
  7482 | D:8      | Reached XP level 10. HP: 75/81 MP: 10/10
  7554 | D:8      | Found Fuaroopeo's Jewellery Emporium.
  7761 | D:8      | XOM: smoke on damage
  7802 | D:8      | XOM: vitrification
  7912 | D:8      | XOM: 1-stop teleportation journey
  7941 | D:8      | Found a staircase to the Lair.
  7988 | D:8      | XOM: 4-stop teleportation journey
  7998 | D:8      | Reached skill level 11 in Maces & Flails
  8094 | D:8      | XOM: scenery: 1 doors open, 1 doors close
  8119 | D:9      | Found Suett's Food Shop.
  8210 | D:8      | XOM: give mutations
  8210 | D:8      | Gained mutation: You heal very quickly. [Xom's grace]
  8210 | D:8      | Gained mutation: Your tail ends in a poisonous barb. [Xom's grace]
  8329 | D:9      | XOM: vitrification
  8338 | D:9      | XOM: god gift: 14 gold pieces
  8368 | D:9      | Found a sacrificial altar of Ru.
  8369 | D:9      | XOM: polymorph adder -> hobgoblin
  8441 | D:9      | XOM: swap monsters
  8445 | D:9      | XOM: summons friendly white imp
  8569 | D:9      | Found a sparkling altar of Nemelex Xobeh.
  8605 | D:9      | Found an ancient bone altar of Kikubaaqudgha.
  8618 | D:9      | Found Jawk's Book Shop.
  8677 | D:9      | Found a staircase to the Orcish Mines.
  8702 | D:9      | XOM is BORED!
  8702 | D:9      | XOM: mild Conj miscast
  8711 | D:9      | XOM: cast spell 'Dispersal'
  8734 | D:9      | XOM: cast spell 'Summon Butterflies'
  8818 | D:9      | XOM: god gift: scroll of random uselessness
  9008 | D:9      | Found Ganwitalep's Book Boutique.
  9068 | D:10     | Entered Level 10 of the Dungeon
  9120 | D:10     | Noticed Grum
  9124 | D:10     | Killed Grum
  9149 | D:10     | Noticed Harold
  9158 | D:10     | XOM: divine lightning
  9161 | D:10     | Killed Harold
  9161 | D:10     | Reached skill level 12 in Maces & Flails
  9163 | D:10     | XOM: 2-stop teleportation journey
  9164 | D:10     | Found a glowing silver altar of Zin.
  9188 | D:10     | XOM: give mutation
  9188 | D:10     | Gained mutation: You possess an exceptional clarity of mind. [Xom's grace]
  9250 | D:10     | XOM: summons 4 friendly demons
  9410 | D:10     | Noticed a hill giant
  9411 | D:10     | XOM: divination: magic mapping
  9413 | D:10     | Killed a hill giant
  9413 | D:10     | Reached skill level 10 in Fighting
  9413 | D:10     | Reached XP level 11. HP: 50/89 MP: 11/11
  9569 | D:10     | XOM: destruction
  9663 | D:10     | XOM: summons 10 friendly demons
  9858 | D:10     | XOM is BORED!
  9858 | D:10     | XOM: give mutations
  9858 | D:10     | Lost mutation: Your spells are a little harder to cast, but a little more powerful. [Xom's mischief]
  9858 | D:10     | Lost mutation: You possess an exceptional clarity of mind. [Xom's mischief]
  9948 | D:10     | XOM: divination: magic mapping
 10097 | D:10     | XOM: enchant monster (good)
 10423 | Lair:1   | Entered Level 1 of the Lair of Beasts
 10444 | Lair:1   | XOM: harmless Air miscast
 10459 | Lair:1   | XOM: 4-stop teleportation journey
 10464 | Lair:1   | XOM: enchant monster (good)
 10472 | Lair:1   | XOM: 2-stop teleportation journey
 10760 | Lair:1   | XOM: divination: detect items
 11342 | Lair:1   | XOM: mild Ice miscast
 11456 | Lair:1   | XOM: noise
 11548 | Lair:2   | XOM: noise
 11548 | Lair:2   | Noticed an eight-headed hydra
 11548 | Lair:2   | Noticed an eight-headed hydra
 11616 | Lair:2   | Reached skill level 13 in Maces & Flails
 11630 | Lair:2   | XOM: noise
 11664 | Lair:2   | XOM: divination: magic mapping
 11832 | Lair:2   | Killed an eight-headed hydra
 11861 | Lair:2   | XOM: divination: detect items
 11942 | Lair:2   | Killed an eight-headed hydra
 12003 | Lair:2   | XOM is BORED!
 12003 | Lair:2   | XOM: harmless Chrm miscast
 12357 | Lair:3   | Found a staircase to the Snake Pit.
 12373 | Lair:3   | XOM: enchant monster (good)
 12540 | Lair:3   | Noticed a four-headed hydra
 12544 | Lair:3   | Killed a four-headed hydra
 12575 | Lair:3   | Reached XP level 12. HP: 82/99 MP: 12/12
 12628 | Lair:3   | XOM: mild Necr miscast
 12665 | Lair:3   | XOM: chaos cloud
 12669 | Lair:3   | Paralysed by you for 5 turns
 12672 | Lair:3   | XOM: cast spell 'Discord'
 12943 | Lair:3   | XOM: colour smoke trail
 13095 | Lair:3   | XOM: cast spell 'Beastly Appendage'
 13098 | Lair:3   | Found a deep blue altar of Sif Muna.
 13287 | Lair:4   | Reached skill level 14 in Maces & Flails
 13297 | Lair:4   | XOM: noise
 13604 | Lair:4   | XOM: colour smoke trail
 13806 | Lair:4   | Noticed an eight-headed hydra
 13814 | Lair:4   | XOM: enchant monster (good)
 13827 | Lair:4   | Killed an eight-headed hydra
 14142 | Lair:5   | XOM: divination: detect creatures
 14167 | Lair:5   | XOM: divination: magic mapping
 14180 | Lair:5   | Noticed a five-headed hydra
 14187 | Lair:5   | Killed a five-headed hydra
 14263 | Lair:5   | XOM: potion effect (heal wounds)
 14570 | Lair:5   | XOM: divination: detect creatures
 14750 | Lair:5   | Reached skill level 10 in Dodging
 14760 | Lair:5   | XOM: divination: detect creatures
 14916 | Lair:5   | XOM: confuse monster(s)
 15032 | Lair:5   | XOM: 9-stop teleportation journey
 15131 | Lair:6   | Found a staircase to the Shoals.
 15207 | Lair:6   | XOM: give mutation
 15207 | Lair:6   | Lost mutation: You are frail (-10% HP). [Xom's grace]
 15211 | Lair:6   | XOM: confuse monster(s)
 15337 | Lair:6   | Noticed Nessos
 15349 | Lair:6   | Killed Nessos
 15349 | Lair:6   | Reached skill level 15 in Maces & Flails
 15836 | Lair:7   | Reached XP level 13. HP: 119/119 MP: 13/13
 15883 | Lair:7   | XOM: divination: detect items
 15897 | Lair:7   | XOM: potion effect (berserk rage)
 15902 | Lair:7   | XOM: noise
 15912 | Lair:7   | XOM: potion effect (agility)
 15988 | Lair:7   | XOM: noise
 16000 | Lair:7   | XOM: medium Summ miscast
 16013 | Lair:7   | XOM: harmless Tloc miscast
 16028 | Lair:7   | Gained mutation: You have a pair of small antennae on your head. [potion of beneficial mutation]
 16199 | Lair:7   | XOM is BORED!
 16199 | Lair:7   | XOM: medium Necr miscast
 16230 | Lair:7   | XOM: snakes to sticks
 16233 | Lair:7   | XOM: colour smoke trail
 16366 | Lair:8   | Entered Level 8 of the Lair of Beasts
 16453 | Lair:8   | XOM: summons friendly shadow imp
 16461 | Lair:8   | XOM: harmless Chrm miscast
 16512 | Lair:8   | XOM: harmless Hex miscast
 16532 | Lair:8   | XOM: enchant monster (good)
 16608 | Lair:8   | XOM: noise
 16610 | Lair:8   | XOM: potion effect (curing)
 16688 | Lair:8   | Reached skill level 16 in Maces & Flails
 16724 | Lair:8   | XOM: noise
 16864 | Lair:8   | XOM: harmless Divn miscast
 16939 | Lair:8   | XOM: blink monster(s)
 17002 | Lair:8   | XOM: colour smoke trail
 17210 | Lair:8   | Found a runed door.
 17212 | Lair:8   | Found a viscous altar of Jiyva.
 17212 | Lair:8   | Noticed an acid blob
 17232 | Lair:8   | Found a staircase to the Slime Pits.
 17232 | Lair:8   | Noticed an acid blob
 17269 | Lair:8   | Noticed Rupert
 17280 | Lair:8   | XOM: harmless Fire miscast
 17286 | Lair:8   | Killed Rupert
 17286 | Lair:8   | Gained mutation: Your tail ends in a sharp poisonous barb. [Green Draconian growth]
 17286 | Lair:8   | Reached XP level 14. HP: 96/129 MP: 14/14
 17418 | Lair:8   | XOM: divination: detect creatures
 17592 | Lair:4   | XOM: silly message
 17796 | D:10     | XOM: harmless Trmt miscast
 17987 | D:11     | XOM: cast spell 'Blink'
 18068 | D:11     | XOM: potion effect (curing)
 18073 | D:11     | XOM: divination: detect items
 18075 | D:11     | Reached skill level 17 in Maces & Flails
 18103 | D:11     | XOM: harmless Ice miscast
 18291 | D:11     | XOM: swap monsters
 18430 | D:11     | Found Niatseox's Magic Scroll Boutique.
 18509 | D:12     | Noticed Psyche
 18519 | D:12     | XOM: medium Air miscast
 18520 | D:12     | Killed Psyche
 18524 | D:12     | XOM: chaos cloud
 18528 | D:12     | XOM: 2-stop teleportation journey
 18585 | D:12     | Noticed Snorg
 18590 | D:12     | XOM: harmless Trmt miscast
 18592 | D:12     | Killed Snorg
 18606 | D:12     | XOM: harmless Hex miscast
 18620 | D:12     | XOM: blink monster(s)
 18833 | D:12     | You fall through a shaft!
 18842 | D:13     | XOM: silly message
 18844 | D:13     | XOM: butterfly on damage
 19163 | D:13     | XOM is BORED!
 19163 | D:13     | XOM: severe Hex miscast
 19197 | D:13     | XOM: chaos cloud
 19364 | D:13     | XOM: chaos cloud
 19565 | D:13     | XOM: stat loss: -1 Str (13/14)
 19740 | D:13     | XOM: silly message
 19934 | D:14     | XOM: noise
 20054 | D:14     | XOM: silly message
 20060 | D:14     | XOM: chaos cloud
 20189 | D:14     | XOM: potion effect (brilliance)
 20205 | D:14     | Found an ancient bone altar of Kikubaaqudgha.
 20372 | D:14     | XOM: summons 4 friendly demons
 20380 | D:14     | XOM: fog
 20394 | D:14     | XOM: god gift: greatsling {god gift}
 20405 | D:14     | XOM: medium Necr miscast
 20406 | D:14     | XOM: summons 3 friendly demons
 20435 | D:14     | XOM: harmless Divn miscast
 20465 | D:14     | Reached skill level 18 in Maces & Flails
 20517 | D:14     | XOM: enchant monster (bad)
 20520 | D:14     | XOM: colour smoke trail
 20551 | D:14     | Found a gate to the Vaults.
 20800 | D:15     | Entered Level 15 of the Dungeon
 20848 | D:15     | Reached XP level 15. HP: 122/139 MP: 15/15
 21200 | D:15     | Got a pitted rapier
 21272 | D:15     | XOM: medium Conj miscast
 21296 | D:15     | Found a staircase to the Depths.
 21437 | D:15     | Identified the +2 rapier "Oguetiq" {elec, rN+ MR- Str+6 Dex+3} (You found it on level 15 of the Dungeon)
 21572 | D:15     | XOM: 8-stop teleportation journey
 21688 | D:15     | XOM: harmless Necr miscast
 21813 | D:15     | Upgraded the game from 0.17-a0-649-g87edefa to 0.17-a0-670-g5d95ebd
 22418 | D:2      | Fell from the grace of Xom
 22418 | D:2      | Became a worshipper of Qazlal Stormbringer
 22673 | Orc:1    | Entered Level 1 of the Orcish Mines
 22673 | Orc:1    | Found a roughly hewn altar of Beogh.
 23035 | Orc:2    | Noticed Urug
 23060 | Orc:2    | Killed Urug
 23155 | Orc:2    | Acquired Qazlal's first power
 23189 | Orc:2    | Found Alothryqu's General Store.
 23685 | Orc:3    | Acquired Qazlal's second power
 24508 | Orc:2    | Found Rapi's Magic Scroll Boutique.
 24514 | Orc:2    | Bought a scroll of acquirement for 624 gold pieces
 24610 | Orc:2    | Found Peofuxt's General Store.
 24681 | Orc:3    | Acquired Qazlal's third power
 24775 | Orc:2    | Found Jyquzorch's Antique Armour Emporium.
 24796 | Orc:2    | Bought a pair of glowing boots for 117 gold pieces
 24895 | Orc:4    | Entered Level 4 of the Orcish Mines
 24959 | Orc:4    | Noticed Maud
 24969 | Orc:4    | Killed Maud
 24969 | Orc:4    | Reached skill level 15 in Fighting
 25283 | Orc:4    | Acquired Qazlal's fourth power
 25363 | Orc:4    | Found a staircase to the Elven Halls.
 25740 | Orc:4    | Found Zestaock's Distillery.
 25740 | Orc:4    | Found Tutac's General Store.
 25741 | Orc:4    | Found Dyum's Gadget Shoppe.
 25741 | Orc:4    | Found Kun Xaze's General Store.
 25751 | Orc:4    | Bought a potion of heal wounds for 60 gold pieces
 26352 | Snake:1  | Entered Level 1 of the Snake Pit
 26382 | Snake:1  | Noticed Josephine
 26386 | Snake:1  | Killed Josephine
 26393 | Snake:1  | Acquired Qazlal's fifth power
 26606 | Snake:1  | Reached skill level 19 in Maces & Flails
 27082 | Snake:1  | XOM: give mutations
 27082 | Snake:1  | Lost mutation: You are resistant to electric shocks. [Xom's mischief]
 27082 | Snake:1  | Lost mutation: You have a pair of small antennae on your head. [Xom's mischief]
 27351 | Snake:2  | XOM: mild Trmt miscast
 27731 | Snake:3  | Reached skill level 1 in Invocations
 27821 | Snake:3  | Reached XP level 16. HP: 95/149 MP: 16/18
 27952 | Snake:3  | Noticed Vashnia
 27964 | Snake:4  | Found Gicvitz's Antique Armour Boutique.
 28057 | Snake:4  | Reached skill level 5 in Invocations
 28089 | Snake:4  | Bought the +0 mask of the Dragon {MR+ Slay+3 SInv} for 701 gold pieces
 28130 | Snake:4  | XOM: noise
 28141 | Snake:4  | Noticed Norris
 28243 | Snake:3  | XOM: mild Trmt miscast
 28315 | Snake:3  | Killed Vashnia
 28419 | Snake:3  | XOM: give mutations
 28419 | Snake:3  | Lost mutation: Your tail ends in a sharp poisonous barb. [Xom's mischief]
 28419 | Snake:3  | Gained mutation: You are clumsy. (Dex -2) [Xom's mischief]
 28625 | Snake:3  | Noticed Roxanne
 28630 | Snake:3  | XOM: mild Summ miscast
 28644 | Snake:3  | Killed Roxanne
 28656 | Snake:3  | Identified Roxanne's Papyrus of Plasticity (You took it off Roxanne on level 3 of the Snake Pit)
 28899 | Snake:3  | XOM: god gift: meat ration
 28948 | Snake:3  | XOM: mild Necr miscast
 29082 | Snake:3  | Killed Norris
 29082 | Snake:3  | Reached skill level 10 in Invocations
 29453 | Snake:4  | XOM: chaos upgrade
 29960 | Snake:4  | XOM: 3-stop teleportation journey
 29962 | Snake:5  | Entered Level 5 of the Snake Pit
 29986 | Snake:5  | Noticed Donald
 29996 | Snake:4  | Killed Donald
 30134 | Snake:5  | XOM: give mutations
 30134 | Snake:5  | Gained mutation: Your body is slowly deteriorating. [Xom's mischief]
 30134 | Snake:5  | Gained mutation: Your body is deteriorating. [Xom's mischief]
 30134 | Snake:5  | Gained mutation: Your muscles are strong. (Str +2) [Xom's mischief]
 30134 | Snake:5  | Gained mutation: Your body is rapidly deteriorating. [Xom's mischief]
 30194 | Snake:5  | Noticed Aizul
 30199 | Snake:5  | Killed Aizul
 30199 | Snake:5  | Reached XP level 17. HP: 130/157 MP: 26/26
 30694 | Snake:5  | Noticed Wiglaf
 30704 | Snake:5  | Killed Wiglaf
 30737 | Snake:5  | Reached skill level 20 in Maces & Flails
 31026 | Snake:5  | XOM: blink monster(s)
 31155 | Snake:5  | Got a serpentine rune of Zot
 31609 | Shoals:1 | Entered Level 1 of the Shoals
 32231 | Shoals:1 | XOM: stat loss: -1 Dex (11/17)
 32800 | Shoals:2 | XOM: summons 13 hostile demons
 33131 | Shoals:2 | XOM: swap monsters
 33443 | Shoals:2 | XOM: mild Chrm miscast
 33466 | Shoals:2 | XOM: mild Tloc miscast
 33735 | Shoals:2 | XOM: noise
 33864 | Shoals:3 | XOM: 1-stop teleportation journey
 33912 | Shoals:3 | Reached XP level 18. HP: 135/168 MP: 23/27
 34104 | Shoals:3 | XOM: vitrification
 34215 | Shoals:3 | XOM: give mutations
 34215 | Shoals:3 | Gained mutation: You are frail (-10% HP). [Xom's mischief]
 34215 | Shoals:3 | Lost mutation: Your muscles are strong. (Str +2) [Xom's mischief]
 34474 | Lair:1   | Lost mutation: Your body is rapidly deteriorating. [potion of cure mutation]
 34474 | Lair:1   | Lost mutation: You heal very quickly. [potion of cure mutation]
 34474 | Lair:1   | Lost mutation: Your body is deteriorating. [potion of cure mutation]
 34474 | Lair:1   | Lost mutation: You are frail (-10% HP). [potion of cure mutation]
 34474 | Lair:1   | Lost mutation: You are clumsy. (Dex -2) [potion of cure mutation]
 34889 | Shoals:4 | Reached skill level 21 in Maces & Flails
 34956 | Shoals:4 | Found Yliqoupt's Distillery.
 35035 | Shoals:4 | Bought a potion of heal wounds for 60 gold pieces
 35035 | Shoals:4 | Bought a potion of heal wounds for 60 gold pieces
 35035 | Shoals:4 | Bought a potion of heal wounds for 60 gold pieces
 35035 | Shoals:4 | Bought a potion of curing for 36 gold pieces
 35403 | Shoals:4 | XOM: medium Ice miscast
 35644 | Shoals:5 | Entered Level 5 of the Shoals
 35644 | Shoals:5 | Found a frozen archway.
 35678 | Shoals:4 | XOM: severe Air miscast
 35743 | Shoals:5 | XOM: enchant monster (good)
 35778 | Shoals:5 | Noticed Ilsuiw
 35930 | Shoals:5 | Killed Ilsuiw
 35950 | IceCv    | Entered an ice cave
 35967 | IceCv    | XOM: noise
 36148 | IceCv    | XOM: 1-stop teleportation journey
 36392 | IceCv    | XOM: medium Tloc miscast
 36559 | IceCv    | XOM: give mutations
 36559 | IceCv    | Gained mutation: You are dopey. (Int -2) [Xom's mischief]
 36559 | IceCv    | Gained mutation: You are clumsy. (Dex -2) [Xom's mischief]
 36559 | IceCv    | Gained mutation: You have a pair of small horns on your head. [Xom's mischief]
 36677 | IceCv    | XOM: give mutations
 36677 | IceCv    | Lost mutation: You are dopey. (Int -2) [Xom's grace]
 36677 | IceCv    | Gained mutation: You have sharp fingernails. [Xom's grace]
 36677 | IceCv    | Was forgiven by Xom
 36973 | IceCv    | Got a jewelled cloak
 36985 | IceCv    | Identified the +2 cloak of Tybiury {rElec Int+4 Dex-5} (You found it in an ice cave)
 36987 | IceCv    | Got a slimy war axe
 36999 | IceCv    | Identified the +7 war axe of Cimutu {drain, MP-9 Str+3 Dex+6} (You found it in an ice cave)
 38076 | Shoals:5 | Got a scorched zirconium amulet
 38079 | Shoals:5 | Identified the amulet of Ontom {rMut rF+ Dex+3} (You found it on level 5 of the Shoals)
 38088 | Shoals:5 | Reached skill level 15 in Dodging
 38111 | Shoals:5 | Got a barnacled rune of Zot
 38667 | Shoals:5 | Found Watseutoma's Distillery.
 38670 | Shoals:5 | Bought a potion of curing for 42 gold pieces
 38670 | Shoals:5 | Bought a potion of curing for 42 gold pieces
 38670 | Shoals:5 | Bought a potion of curing for 42 gold pieces
 38670 | Shoals:5 | Bought a potion of curing for 42 gold pieces
 38670 | Shoals:5 | Bought a potion of curing for 42 gold pieces
 38888 | Shoals:5 | Identified Puveh's Reference Book on Talismans and Transmutation
 39866 | Vaults:1 | Entered Level 1 of the Vaults
 39906 | Vaults:1 | Reached skill level 22 in Maces & Flails
 39946 | Vaults:1 | Reached XP level 19. HP: 178/178 MP: 28/28
 39969 | Vaults:1 | Paralysed by a great orb of eyes for 5 turns
 41393 | Vaults:2 | Paralysed by an ogre mage for 3 turns
 41875 | Vaults:2 | Found an ancient bone altar of Kikubaaqudgha.
 41875 | Vaults:2 | Found a staircase to the Crypt.
 41875 | Vaults:2 | Found a basalt altar of Yredelemnul.
 41927 | Vaults:2 | Reached skill level 23 in Maces & Flails
 42321 | Vaults:2 | Reached XP level 20. HP: 189/189 MP: 29/29
 42468 | Vaults:2 | Noticed Frederick
 42483 | Vaults:2 | Killed Frederick
 43853 | Vaults:3 | Cast into the Abyss (vault warden)
 43949 | Abyss:1  | Found a corrupted altar of Lugonu.
 44694 | Abyss:1  | Reached skill level 24 in Maces & Flails
 44866 | Abyss:1  | Reached XP level 21. HP: 106/199 MP: 30/30
 45326 | Abyss:1  | Found a corrupted altar of Lugonu.
 45414 | Abyss:1  | Paralysed by accursed screaming for 1 turns
 45419 | Abyss:1  | Found a corrupted altar of Lugonu.
 45609 | Abyss:1  | Found a corrupted altar of Lugonu.
 45679 | Abyss:1  | Found a corrupted altar of Lugonu.
 45904 | Abyss:1  | Found a burning altar of Makhleb.
 46075 | Vaults:3 | Escaped the Abyss
 48316 | Elf:1    | Entered Level 1 of the Elven Halls
 48629 | Elf:1    | Reached skill level 25 in Maces & Flails
 49391 | Elf:2    | Found a radiant altar of Vehumet.
 49532 | Elf:2    | Reached XP level 22. HP: 211/211 MP: 31/31
 49682 | Elf:2    | Found Owkass's Food Shoppe.
 49694 | Elf:2    | Bought a meat ration for 55 gold pieces
 49694 | Elf:2    | Bought a meat ration for 55 gold pieces
 49694 | Elf:2    | Bought a meat ration for 55 gold pieces
 49726 | Elf:2    | Found a large runed door.
 49727 | Elf:2    | Found a large runed door.
 49748 | Elf:2    | Found a large runed door.
 49749 | Elf:2    | Found a large runed door.
 50182 | Elf:3    | Entered Level 3 of the Elven Halls
 50466 | Elf:3    | Learned a level 3 spell: Regeneration
 50738 | Elf:3    | Cast into the Abyss (a deep elf demonologist)
 50738 | Abyss:1  | Found a corrupted altar of Lugonu.
 50755 | Elf:3    | Escaped the Abyss
 50767 | Elf:3    | Reached skill level 1 in Spellcasting
 50767 | Elf:3    | Reached skill level 1 in Charms
 51033 | Elf:3    | Cast into the Abyss (a deep elf demonologist)
 51033 | Abyss:1  | Found a corrupted altar of Lugonu.
 51355 | Abyss:1  | Reached skill level 5 in Charms
 51356 | Abyss:1  | Reached skill level 5 in Spellcasting
 51634 | Abyss:1  | Found a corrupted altar of Lugonu.
 52184 | Abyss:1  | Reached XP level 23. HP: 206/217 MP: 33/33
 52288 | Elf:3    | Escaped the Abyss
 52935 | Elf:3    | Learned a level 3 spell: Spectral Weapon
 52942 | Elf:3    | Learned a level 6 spell: Haste
 53162 | Elf:3    | Got a transparent bronze ring
 53209 | Elf:3    | Got a pitted brass ring
 53327 | Elf:3    | Identified the ring "Nos Ojio" {SustAb rF+++ Str-2 Int+3 Slay-5} (You took it off a deep elf knight on level 3 of the Elven Halls)
 53328 | Elf:3    | Identified the ring of Qacues {Ice Str+8 Dex-5 Slay+3} (You took it off a deep elf blademaster on level 3 of the Elven Halls)
 53536 | Elf:3    | Learned a level 1 spell: Apportation
 53540 | Elf:3    | Learned a level 3 spell: Ozocubu's Armour
 53546 | Elf:3    | Learned a level 2 spell: Blink
 53559 | Elf:3    | Learned a level 4 spell: Condensation Shield
 54096 | Depths:1 | Entered Level 1 of the Depths
 54169 | Depths:1 | Reached skill level 1 in Ice Magic
 54769 | Depths:1 | Found a gateway to Hell.
 55295 | Depths:1 | Found a one-way gate leading to the halls of Pandemonium.
 55442 | Depths:2 | Reached skill level 10 in Charms
 55605 | Depths:2 | Reached skill level 5 in Ice Magic
 55625 | Depths:2 | Found a blossoming altar of Fedhas.
 55628 | Depths:2 | Found an iron altar of Okawaru.
 55628 | Depths:2 | Found a glowing golden altar of the Shining One.
 55978 | Depths:2 | Reached skill level 10 in Spellcasting
 56125 | Depths:2 | Gained mutation: Your tail ends in a sharp poisonous barb. [potion of beneficial mutation]
 56144 | Depths:2 | Identified the Catalogue of Destructive Feathers
 56417 | Depths:2 | Reached XP level 24. HP: 202/226 MP: 36/37
 57287 | Depths:3 | Found a gateway to a ziggurat.
 57674 | Depths:4 | Found a one-way gate to the infinite horrors of the Abyss.
 57722 | Depths:4 | Noticed Boris
 57723 | Depths:4 | Noticed Margery
 57747 | Depths:3 | Killed Margery
 57930 | Depths:4 | Killed Boris
 58409 | Depths:4 | Reached skill level 10 in Ice Magic
 58918 | Depths:4 | Identified Vehumet's Almanac of Burning Conjuration
 59064 | Depths:4 | Noticed the Enchantress
 59083 | Depths:4 | Killed the Enchantress
 59142 | Depths:4 | Got a pair of fine gloves
 59153 | Depths:4 | Identified the +2 pair of gloves of Action {+Fly rCorr Int+3} (You acquired it on level 4 of the Depths)
 59918 | Depths:4 | Upgraded the game from 0.17-a0-670-g5d95ebd to 0.17-a0-701-gb6462b4
 59983 | Depths:5 | Entered Level 5 of the Depths
 60078 | Depths:5 | Found Kemosoizxy's Magic Scroll Shop.
 60084 | Depths:5 | Reached XP level 25. HP: 217/235 MP: 39/39
 60095 | Depths:5 | Bought a scroll of teleportation for 51 gold pieces
 60102 | Depths:5 | Found a snail-covered altar of Cheibriados.
 60279 | Depths:5 | Found Secequ's Magic Scroll Shop.
 60655 | Depths:5 | Bought a scroll of blinking for 142 gold pieces
 60657 | Depths:5 | Found Osiyfy's Jewellery Shop.
 60665 | Depths:5 | Bought the amulet of Vitality {Regen+ HP+15} for 777 gold pieces
 60665 | Depths:5 | Found Lemuis's Assorted Antiques.
 60670 | Depths:5 | Found Mige's Assorted Antiques.
 60678 | Depths:5 | Bought a warped tin ring for 225 gold pieces
 60683 | Depths:5 | Identified the ring of Viurch Gumuuh {+Fly Int+2} (You bought it in a shop on level 5 of the Depths)
 61127 | Depths:5 | Found a runed door.
 61137 | Depths:5 | Reached skill level 26 in Maces & Flails
 61149 | Depths:5 | Found a runed door.
 61189 | Depths:5 | Found a runed door.
 61208 | Depths:5 | Found a runed door.
 61222 | Depths:5 | Found a runed door.
 61222 | Depths:5 | Found a runed door.
 61530 | Depths:5 | Found a gate to the Realm of Zot.
 62523 | Vaults:5 | Entered Level 5 of the Vaults
 62760 | Vaults:5 | HP: 12/253 [fire giant/great sword of flaming (15)]
 62760 | Vaults:5 | HP: 4/253 [fire giant/great sword of flaming (8)]
 62761 | Vaults:5 | HP: 1/253 [fire giant/great sword of flaming (1)]
 62791 | Vaults:5 | HP: 11/253 [vault warden/vampiric halberd (31)]
 62827 | Vaults:5 | Lost mutation: You have supernaturally acute eyesight. [mutagenic glow]
 62855 | Vaults:5 | Gained mutation: Your magical capacity is low (-10% MP). [mutagenic glow]
 63160 | Vaults:5 | Reached XP level 26. HP: 226/247 MP: 33/35
 63305 | Vaults:5 | Got a silver rune of Zot
 64035 | Vaults:5 | Got a translucent great mace
 64090 | Vaults:5 | Identified the Catalogue of Warped Blows and Bruises (You found it on level 5 of the Vaults)
 64226 | Vaults:5 | Identified Kuno's Tome of Harmful Stones (You found it on level 5 of the Vaults)
 64336 | Vaults:5 | Identified the +7 great mace of Xasm {holy, rElec rC+ MP+9} (You took it off an ogre mage on level 5 of the Vaults)
 64929 | Depths:4 | Voluntarily entered the Abyss.
 64946 | Abyss:1  | Found a sparkling altar of Nemelex Xobeh.
 64991 | Abyss:3  | Found a corrupted altar of Lugonu.
 65573 | Abyss:3  | Reached skill level 27 in Maces & Flails
 65581 | Abyss:3  | HP: 11/249 [smoke demon/divine providence (13)]
 65786 | Abyss:3  | Found a glowing golden altar of the Shining One.
 65820 | Abyss:3  | Got an abyssal rune of Zot
 65925 | Abyss:3  | Paralysed by accursed screaming for 2 turns
 65927 | Abyss:3  | Slain by an ettin simulacrum

Action                   |  1- 3 |  4- 6 |  7- 9 | 10-12 | 13-15 | 16-18 | 19-21 | 22-24 | 25-27 || total
-------------------------+-------+-------+-------+-------+-------+-------+-------+-------+-------++-------
Melee: Mace              |   116 |   297 |   226 |       |       |       |       |       |       ||   639
       Whip              |       |       |   193 |       |       |       |       |       |       ||   193
       Maul              |       |       |    11 |   385 |   631 |   576 |   956 |   988 |   530 ||  4077
       Dire flail        |       |       |       |       |   517 |   386 |    27 |       |       ||   930
 Cast: Regeneration      |       |       |       |       |       |       |       |    52 |    39 ||    91
       Ozocubu's Armour  |       |       |       |       |       |       |       |    15 |    21 ||    36
       Condensation Shie |       |       |       |       |       |       |       |    15 |    23 ||    38
       Spectral Weapon   |       |       |       |       |       |       |       |     2 |     1 ||     3
       Haste             |       |       |       |       |       |       |       |     4 |     8 ||    12
       Blink             |       |       |       |       |       |       |       |     1 |     1 ||     2
Invok: Upheaval          |       |       |       |       |       |    15 |       |    17 |     4 ||    36
       Disaster Area     |       |       |       |       |       |       |     1 |     1 |     5 ||     7
 Abil: Breathe Noxious F |       |       |     4 |     7 |     9 |     3 |     1 |       |     1 ||    25
Evoke: Wand              |       |       |     1 |    11 |     1 |    13 |     1 |     2 |     8 ||    37
       Phantom mirror    |       |       |       |       |       |     1 |       |       |       ||     1
  Use: Scroll            |       |     1 |    18 |    15 |     8 |    10 |     9 |    19 |    12 ||    92
       Potion            |       |       |     1 |       |     4 |    12 |     7 |     4 |    13 ||    41
 Stab: Paralysed         |     2 |       |     5 |     3 |     1 |       |       |       |       ||    11
       Petrifying        |       |     2 |       |       |       |       |       |       |       ||     2
       Confused          |       |     1 |     6 |     4 |     4 |     1 |       |       |     1 ||    17
       Sleeping          |       |     2 |       |     3 |     3 |       |       |       |       ||     8
       Invisible         |       |       |       |     1 |     1 |       |       |       |       ||     2
       Distracted        |       |       |       |     1 |       |       |     1 |       |       ||     2
  Eat: Chunk             |       |     8 |    12 |    20 |    20 |     6 |    12 |     5 |     2 ||    85
       Fruit             |       |     1 |       |     2 |     1 |     1 |     2 |     2 |     2 ||    11
       Meat ration       |       |       |     1 |       |     2 |     6 |     3 |     6 |     5 ||    23
       Beef jerky        |       |       |       |     3 |     5 |     2 |     6 |     2 |     1 ||    19
       Bread ration      |       |       |       |     1 |       |       |       |       |     1 ||     2
       Pizza             |       |       |       |       |     2 |     3 |       |     2 |       ||     7
       Royal jelly       |       |       |       |       |     1 |       |       |       |       ||     1
